 Dungeon Sprint DCSS version 0.17.1-3-g152610e (webtiles) character file.

50 Groucho the Skirmisher (level 3, -3/37 HPs)
             Began as a Naga Fighter on Apr 24, 2016.
             Was an Initiate of Cheibriados.
             Killed from afar by a deep elf mage (25 damage)
             ... with a shard of ice
             ... in the Dungeon (Sprint IX: "|||||||||||||||||||||||||||||").
             The game lasted 00:01:47 (569 turns).

Groucho the Skirmisher (Naga Fighter)                Turns: 569, Time: 00:01:48

Health: -3/37      AC:  7    Str: 23    XL:     3   Next: 79%
Magic:  3/3        EV:  8    Int:  9    God:    Cheibriados [......]
Gold:   0          SH:  9    Dex: 11    Spells: 0 memorised, 2 levels left

rFire  . . .     SeeInvis +     o - +1 broad axe (chop)
rCold  . . .     Clarity  .     q - +1 scale mail
rNeg   . . .     SustAt   .     c - +0 shield
rPois  +         Gourm    .     (no helmet)
rElec  .         Spirit   .     p - +0 cloak
rCorr  .         Warding  .     (no gloves)
rMut   .         NoTele   +     (no barding)
MR     .....                    (no amulet)
Stlth  ..........               s - +3 ring of strength
                                r - +2 ring of evasion

@: very slow, not resistant to hostile enchantments, extremely unstealthy
A: see invisible, deformed body, poison resistance, slowness 2, slow metabolism
1, spit poison 2, AC +1
a: Spit Poison, Bend Time, Renounce Religion


You were in the Dungeon.
You worshipped Cheibriados.
Cheibriados was noncommittal.
You were not hungry.

You visited 1 branch

Inventory:

Hand Weapons
 o - a +1 broad axe of chopping (weapon)
Armour
 c - a +0 shield (worn)
 p - a +0 cloak (worn)
 q - a +1 scale mail (worn)
Jewellery
 r - a +2 ring of evasion (left hand)
 s - a +3 ring of strength (right hand)
Wands
 n - a wand of cold (7)
Scrolls
 k - 2 scrolls of blinking
 l - 3 scrolls of remove curse
Potions
 d - a potion of might
 f - 5 potions of curing
 g - 3 potions of heal wounds
 h - a potion of invisibility
 i - 4 potions of magic
Comestibles
 e - a bread ration


   Skills:
 + Level 4.5 Fighting
 + Level 3.8 Axes
 + Level 3.6 Armour
 + Level 1.3 Dodging
 + Level 3.8 Shields
 * Level 0.0 Spellcasting
 * Level 0.0 Invocations


You had 2 spell levels left.
You didn't know any spells.

Dungeon Overview and Level Annotations

Branches:
Dungeon (1/1)

Altars:
Cheibriados
Dithmenos
Elyvilon
Fedhas
Gozag
Kikubaaqudgha
Makhleb
Nemelex Xobeh
Okawaru
Qazlal
Ru
Sif Muna
Trog
Vehumet
Xom
Yredelemnul
Zin
The Shining One
Beogh
Jiyva
Lugonu


Innate Abilities, Weirdness & Mutations

You cannot wear boots.
Your serpentine skin is tough (AC +1).
You have supernaturally acute eyesight.
Armour fits poorly on your strangely shaped body.
Your system is resistant to poisons.
You cover ground very slowly.
You have a slow metabolism.
You can spit poison.


Message History

The deep elf mage gestures at you while chanting.
You are frozen.
You barely miss the deep elf mage.
The deep elf mage is moderately wounded.
You block the deep elf mage's attack. The deep elf mage closely misses you.
You miss the deep elf mage.
The deep elf mage is moderately wounded.
You block the deep elf mage's attack.
You hit the deep elf mage.
The deep elf mage is heavily wounded.
The deep elf mage mumbles some strange words.
The deep elf mage hits you with a dagger.
You closely miss the deep elf mage.
The deep elf mage is heavily wounded.
You hit the ice beast.
The ice beast is lightly wounded.
The deep elf mage casts a spell at you. The shard of ice hits you!
Ouch! That really hurt!
You die... ▓▓▓▓▓▓▓▓▓▓▓▓▓▓▓▓▓▓▓▓▓▓▓▓ .5coKCe@Y..[)|..'_______ ▓▓▓▓▓▓▓▓▓▓▓▓▓▓▓▓▓▓▓▓▓▓▓▓

You could see a hill giant, an orc warrior, an ice beast, a big kobold, a deep elf mage, a centaur and a quasit.

Vanquished Creatures
  A jelly (D)
  An adder (D)
  An ooze (D)
  A bat (D)
  A bat skeleton (D)
  A giant cockroach (D)
  A jackal (D)
  A kobold (D)
  A quokka (D)
  A goblin (D)
10 creatures vanquished.

Notes
Turn   | Place    | Note
--------------------------------------------------------------
     0 | D        | Groucho the Naga Fighter began the quest for the Orb.
     0 | D        | Reached XP level 1. HP: 21/21 MP: 1/1
    23 | D        | Reached XP level 2. HP: 19/30 MP: 2/2
   235 | D        | Noticed a jelly
   245 | D        | Killed a jelly
   245 | D        | Reached skill level 4 in Fighting
   245 | D        | Reached skill level 1 in Dodging
   245 | D        | Reached XP level 3. HP: 19/37 MP: 3/3
   269 | D        | Found a glowing silver altar of Zin.
   269 | D        | Found a glowing golden altar of the Shining One.
   269 | D        | Found an ancient bone altar of Kikubaaqudgha.
   269 | D        | Found a basalt altar of Yredelemnul.
   269 | D        | Found a shimmering altar of Xom.
   269 | D        | Found a radiant altar of Vehumet.
   270 | D        | Found an iron altar of Okawaru.
   271 | D        | Found a burning altar of Makhleb.
   272 | D        | Found a deep blue altar of Sif Muna.
   273 | D        | Found a bloodstained altar of Trog.
   274 | D        | Found a sparkling altar of Nemelex Xobeh.
   275 | D        | Found a white marble altar of Elyvilon.
   276 | D        | Found a roughly hewn altar of Beogh.
   277 | D        | Found a viscous altar of Jiyva.
   278 | D        | Found a corrupted altar of Lugonu.
   279 | D        | Found a blossoming altar of Fedhas.
   280 | D        | Found a snail-covered altar of Cheibriados.
   281 | D        | Found a shadowy altar of Dithmenos.
   282 | D        | Found a stormy altar of Qazlal.
   283 | D        | Found an opulent altar of Gozag.
   284 | D        | Found a sacrificial altar of Ru.
   294 | D        | Became a worshipper of Cheibriados the Contemplative
   564 | D        | Noticed a quasit
   564 | D        | Noticed a centaur
   564 | D        | Noticed an orc warrior
   564 | D        | Noticed a hill giant
   564 | D        | Noticed a big kobold
   564 | D        | Noticed a deep elf mage
   569 | D        | Noticed an ice beast
   569 | D        | Killed from afar by a deep elf mage

Action                   || total
-------------------------++-------
Melee: War axe           ||    45
       Broad axe         ||     5
  Use: Potion            ||     1
